 Dungeon Crawl Stone Soup version 0.30-b1-2-g02819fbbbe (webtiles) character file.

Game seed: 2881039819042076437

3669080 krest9999 the Conqueror (level 27, 188/245 HPs)
             Began as a Minotaur Hunter on Nov 19, 2023.
             Was the Champion of Hepliaklqana.
             Escaped with the Orb
             ... and 5 runes!
             The game lasted 03:17:26 (57279 turns).

krest9999 the Conqueror (Minotaur Hunter)          Turns: 57279, Time: 03:17:27

Health: 188/245    AC: 21    Str: 14    XL:     27
Magic:  30/30      EV: 59    Int:  4    God:    Hepliaklqana [******]
Gold:   3789       SH:  0    Dex: 45    Spells: 34/41 levels left

rFire   + + .        K - +9 longbow (heavy)
rCold   + + +        (shield currently unavailable)
rNeg    . . .        R - +2 robe of the Jackalope {*Corrode rF+ rC+ Dex+5}
rPois   +            (helmet unavailable)
rElec   +            o - +2 cloak
rCorr   +            v - +1 pair of gloves of the Mango {+Inv Dex+4}
SInv    .            Q - +2 pair of boots
Will    ++++.        X - amulet "Ucikutef" {Acrobat Regen+}
Stlth   ++           W - ring "Qouxzef" {rElec rPois rC+}
HPRegen 1.40/turn    t - ring of Likhinn {Will++ AC+4}
MPRegen 0.22/turn

%: corrode self (3%), acrobat
@: resistant, hasted, studying 3 skills, very quick
A: reduced essence, horns 3, retaliatory headbutt, iridescent scales 1, agile 2,
low MP 1, subdued magic 1
0: Orb of Zot
}: 5/15 runes: serpentine, barnacled, slimy, silver, abyssal
a: Renounce Religion, Evoke Invisibility, Recall Ancestor, Ancestor Identity,
Transference, Idealise


You escaped.
You worshipped Hepliaklqana.
Hepliaklqana was exalted by your worship.
You visited 11 branches of the dungeon, and saw 53 of its levels.
You visited the Abyss 1 time.
You visited 1 bazaar.
You also visited: Sewer, Gauntlet and Ice Cave.

You collected 10540 gold pieces.
You spent 6751 gold pieces at shops.

Inventory:

Hand Weapons
 K - a +9 heavy longbow (weapon)
Armour
 c - the +3 faerie dragon scales {Rampage rC- Will+ rCorr Str+3}
   (You took it off the Enchantress on level 2 of the Depths)

   Str:       It affects your strength (+3).
   rC:        It makes you vulnerable to cold.
   rCorr:     It protects you from acid and corrosion.
   Rampage:   It bestows one free step when moving towards enemies.
   Will:      It increases your willpower.
 o - a +2 cloak (worn)
 p - a +2 hat
 v - the +1 pair of gloves of the Mango (worn) {+Inv Dex+4}
   (You acquired it on level 3 of the Vaults)

   Dex:       It affects your dexterity (+4).
   +Inv:      It lets you turn invisible.
 C - the +4 skin of Zhor {*Englaciate rC+++ SInv}
   (You took it off a deep elf demonologist on level 3 of the Elven Halls)

   *Englaciate: It radiates cold, occasionally slowing all nearby creatures who
   are not resistant to cold.
   rC:        It renders you almost immune to cold.
   SInv:      It lets you see invisible.
 G - a +0 troll leather armour {Pargi}
 P - the +2 robe of Hangman {rElec rC+ Str+3 Dex+2}
   (You bought it in a shop in a bazaar)

   Str:       It affects your strength (+3).
   Dex:       It affects your dexterity (+2).
   rC:        It protects you from cold.
   rElec:     It insulates you from electricity.
 Q - a +2 pair of boots (worn)
 R - the +2 robe of the Jackalope (worn) {*Corrode rF+ rC+ Dex+5}
   (You bought it in a shop on level 2 of the Elven Halls)

   Dex:       It affects your dexterity (+5).
   rF:        It protects you from fire.
   rC:        It protects you from cold.
   *Corrode:  It may corrode you when you take damage.
Jewellery
 e - the ring "Ygaygen" {rPois Will+ MP+9 Slay+3}
   (You found it in a Gauntlet)

   [ring of magical power]

   Slay:      It affects your accuracy & damage with ranged weapons and melee
   (+3).
   rPois:     It protects you from poison.
   MP:        It affects your magic capacity (+9).
   Will:      It increases your willpower.
 h - a ring of see invisible
 i - a ring of flight
 j - the ring "Fuunn" {*Corrode rPois rN+ Will+++ Stlth-}
   (You took it off a deep elf death mage on level 3 of the Elven Halls)

   [ring of positive energy]

   rPois:     It protects you from poison.
   rN:        It protects you from negative energy.
   *Corrode:  It may corrode you when you take damage.
   Will:      It greatly increases your willpower.
   Stlth:     It makes you less stealthy.
 k - the ring of the Burgomaster {rElec rF+ Slay+2 Stlth+}
   (You took it off a frost giant on level 5 of the Vaults)

   [ring of protection from fire]

   Slay:      It affects your accuracy & damage with ranged weapons and melee
   (+2).
   rF:        It protects you from fire.
   rElec:     It insulates you from electricity.
   Stlth:     It makes you more stealthy.
 m - a +5 ring of evasion
 n - a ring of protection from fire
 t - the ring of Likhinn (right hand) {Will++ AC+4}
   (You bought it in a shop on level 13 of the Dungeon)

   [ring of protection]

   AC:        It affects your AC (+4).
   Will:      It greatly increases your willpower.
 w - the ring of Ipissu {rC+ Str+4 Int-5}
   (You found it in a Gauntlet)

   [ring of protection from cold]

   Str:       It affects your strength (+4).
   Int:       It affects your intelligence (-5).
   rC:        It protects you from cold.
 x - a ring of willpower
 F - a ring of protection from cold
 M - the ring "Gesius" {Ice rElec Will+ Str+5 SInv}
   (You found it on level 1 of the Shoals)

   [ring of ice]

   It enhances your ice magic.
   Str:       It affects your strength (+5).
   rF:        It makes you vulnerable to fire.
   rC:        It protects you from cold.
   rElec:     It insulates you from electricity.
   SInv:      It lets you see invisible.
   Will:      It increases your willpower.
 N - the ring "Ydaneq" {*Slow rElec rN+ rCorr Str+6}
   (You found it in a Gauntlet)

   [ring of positive energy]

   Str:       It affects your strength (+6).
   rElec:     It insulates you from electricity.
   rN:        It protects you from negative energy.
   rCorr:     It protects you from acid and corrosion.
   *Slow:     It may slow you when you take damage.
 O - the amulet of Vouciry {Spirit +Blink}
   (You found it on level 5 of the Pits of Slime)

   [amulet of guardian spirit]

   It causes incoming damage to be divided between your reserves of health and
   magic.
   +Blink:    It lets you blink.
 S - a ring of resist corrosion
 V - a ring of positive energy
 W - the ring "Qouxzef" (left hand) {rElec rPois rC+}
   (You acquired it on level 2 of the Shoals)

   [ring of protection from cold]

   rC:        It protects you from cold.
   rElec:     It insulates you from electricity.
   rPois:     It protects you from poison.
 X - the amulet "Ucikutef" (around neck) {Acrobat Regen+}
   (You bought it in a shop on level 1 of the Elven Halls)

   [amulet of the acrobat]

   It increases your evasion while moving and waiting.
   Regen:     It increases your rate of health regeneration.
Wands
 a - a wand of roots (21)
 f - a wand of quicksilver (45)
 q - a wand of digging (20)
 U - a wand of mindburst (40)
Scrolls
 b - 9 scrolls of immolation
 d - 24 scrolls of teleportation
 l - 7 scrolls of enchant armour
 u - 3 scrolls of summoning
 B - 9 scrolls of fog
 E - 8 scrolls of blinking
 H - 13 scrolls of fear
 I - 4 scrolls of magic mapping
 L - 9 scrolls of silence
Potions
 g - 8 potions of curing
 r - a potion of haste
 s - 4 potions of heal wounds
 A - 7 potions of might
 D - 4 potions of mutation
 Y - 6 potions of cancellation
 Z - 3 potions of resistance
Miscellaneous
 y - a tin of tremorstones (2/2)


   Skills:
 O Level 27 Fighting
 - Level 0.1(0.2) Short Blades
 + Level 0.4 Long Blades
 - Level 0.4(0.9) Axes
 - Level 0.9(1.0) Maces & Flails
 - Level 0.2(0.4) Polearms
 - Level 0.2(0.6) Staves
 O Level 27 Ranged Weapons
 - Level 0.1 Throwing
 * Level 13.5 Armour
 O Level 27 Dodging
 * Level 3.4 Stealth
 + Level 0.2 Shields
 + Level 0.2 Unarmed Combat
 * Level 7.8 Spellcasting
 * Level 5.8 Hexes
 - Level 7.0 Translocations
 + Level 0.1 Transmutations
 - Level 0.1 Earth Magic
 * Level 11.7 Invocations
 * Level 18.5 Evocations


You had 34 spell levels left.
You knew the following spells:

 Your Spells              Type           Power      Damage    Failure   Level
a - Portal Projectile     Hex/Tloc       10%        N/A       4%          3
b - Passage of Golubria   Tloc           5%         N/A       12%         4

Your spell library contained the following spells:

 Spells                   Type           Power      Damage    Failure   Level
 Slow                     Hex            16%        N/A       1%          1
 Blink                    Tloc           10%        N/A       1%          2
 Lesser Beckoning         Tloc           10%        N/A       1%          2
 Gell's Gravitas          Tloc           5%         N/A       3%          3
 Teleport Other           Tloc           5%         N/A       3%          3
 Confusing Touch          Hex            4%         N/A       5%          3
 Tukima's Dance           Hex            4%         N/A       5%          3
 Momentum Strike          Conj/Tloc      6%         3d8       7%          2
 Ensorcelled Hibernation  Hex/Ice        6%         N/A       10%         2
 Manifold Assault         Tloc           5%         N/A       12%         4
 Vhi's Electric Charge    Tloc/Air       6%         N/A       16%         3
 Volatile Blastmotes      Fire/Tloc      6%         2d10      16%         3
 Dazzling Flash           Conj/Hex       6%         N/A       19%         3
 Cause Fear               Hex            2%         N/A       21%         4
 Beastly Appendage        Tmut           2%         N/A       22%         1
 Foxfire                  Conj/Fire      4%         2x1d4     22%         1
 Necrotise                Necr           4%         1d4       22%         1
 Sandblast                Erth           2%         2d4       22%         1
 Sting                    Tmut/Pois      4%         1d3       22%         1
 Call Imp                 Summ           2%         N/A       32%         2
 Cigotuvi's Dreadful Rot  Necr/Pois/Air  2%         N/A       32%         2
 Passwall                 Tmut/Erth      0%         N/A       32%         2
 Poisonous Vapours        Pois/Air       2%         N/A       32%         2
 Static Discharge         Conj/Air       2%         2-3/arc   32%         2
 Sublimation of Blood     Necr           1%         N/A       32%         2
 Wereblood                Tmut           1%         N/A       32%         2
 Iskenderun's Mystic Bla  Conj/Tloc      3%         2d3       47%         4
 Call Canine Familiar     Summ           1%         N/A       54%         3
 Frozen Ramparts          Ice            2%         1d1       54%         3
 Ignite Poison            Fire/Tmut/Pois 1%         N/A       54%         3
 Mephitic Cloud           Conj/Pois/Air  1%         N/A       54%         3
 Ozocubu's Armour         Ice            1%         N/A       54%         3
 Spider Form              Tmut/Pois      1%         N/A       54%         3
 Stone Arrow              Conj/Erth      2%         3d7       54%         3
 Swiftness                Air            1%         N/A       54%         3
 Vampiric Draining        Necr           1%         2d6       54%         3
 Anguish                  Hex/Necr       1%         N/A       54%         4
 Fulminant Prism          Conj/Hex       1%         3d5       54%         4
 Summon Forest            Summ/Tloc      1%         N/A       83%         5
 Metabolic Englaciation   Hex/Ice        1%         N/A       89%         5
 Silence                  Hex/Air        1%         N/A       89%         5
 Yara's Violent Unravell  Hex/Tmut       1%         3d3       89%         5
 Airstrike                Air            0%         2d(1-17)  92%         4
 Animate Armour           Summ/Erth      2%         N/A       92%         4
 Animate Dead             Necr           1%         N/A       92%         4
 Ice Form                 Ice/Tmut       1%         N/A       92%         4
 Olgreb's Toxic Radiance  Pois           1%         N/A       92%         4
 Petrify                  Tmut/Erth      1%         N/A       92%         4
 Summon Lightning Spire   Summ/Air       1%         N/A       92%         4
 Agony                    Necr           1%         N/A       100%        5
 Alistair's Intoxication  Tmut/Pois      0%         N/A       100%        5
 Arcjolt                  Conj/Air       0%         1d10      100%        5
 Blade Hands              Tmut           0%         N/A       100%        5
 Borgnjor's Vile Clutch   Necr/Erth      0%         N/A       100%        5
 Fireball                 Conj/Fire      0%         3d3       100%        5
 Freezing Cloud           Conj/Ice/Air   0%         6-21      100%        5
 Irradiate                Conj/Tmut      0%         3d11      100%        5
 Iskenderun's Battlesphe  Conj           1%         2d6       100%        5
 Lee's Rapid Deconstruct  Erth           0%         3d4*      100%        5
 Conjure Ball Lightning   Conj/Air       0%         3x3d6     100%        6
 Eringya's Noxious Bog    Tmut/Pois      0%         N/A       100%        6
 Plasma Beam              Fire/Air       0%         2x1d11    100%        6
 Simulacrum               Ice/Necr       0%         N/A       100%        6
 Starburst                Conj/Fire      0%         6d3       100%        6
 Statue Form              Tmut/Erth      0%         N/A       100%        6
 Dragon Form              Tmut           0%         N/A       100%        7
 Haunt                    Necr/Summ      0%         N/A       100%        7
 Orb of Destruction       Conj           0%         9d5       100%        7
 Ozocubu's Refrigeration  Ice            0%         4d7       100%        7
 Storm Form               Tmut/Air       0%         N/A       100%        7
 Discord                  Hex            2%         N/A       100%        8
 Disjunction              Tloc           2%         N/A       100%        8
 Infestation              Necr           0%         N/A       100%        8
 Lehudib's Crystal Spear  Conj/Erth      0%         10d2      100%        8
 Maxwell's Capacitive Co  Air            0%         ∞         100%        8
 Summon Horrible Things   Summ           0%         N/A       100%        8
 Polar Vortex             Ice            0%         N/A       100%        9


Dungeon Overview and Level Annotations

Branches:
Dungeon (15/15)            Temple (1/1) D:5            Lair (5/5) D:9
 Shoals (4/4) Lair:3        Snake (4/4) Lair:3        Slime (5/5) Lair:5
    Orc (2/2) D:11            Elf (3/3) Orc:2        Vaults (5/5) D:14
  Crypt (0/3) Vaults:3     Depths (4/4) D:15            Zot (5/5) Depths:4
  Sewer (visited)           IceCv (visited)         Gauntlet (visited)

Altars:
Ashenzari
Cheibriados
Dithmenos
Elyvilon
Fedhas
Gozag
Hepliaklqana
Kikubaaqudgha
Makhleb
Nemelex Xobeh
Okawaru
Qazlal
Ru
Sif Muna
Trog
Uskayaw
Vehumet
Wu Jian
Xom
Yredelemnul
Zin
The Shining One

Shops:
D:8 *!?*[   D:9 *   D:10 *[*   D:11 ?   D:13 =   D:15 =(*   Orc:2 [(![
Elf:1 [[**=   Elf:2 *   Shoals:2 =   Shoals:4 **[   Snake:2 :!   Vaults:3 *(
Vaults:4 ?   Depths:3 ==:

Portals:
Hell: Depths:1 Depths:2 Depths:3 Depths:4
Abyss: Depths:3
Pandemonium: Depths:1 Depths:2
Ziggurat: Depths:3

Annotations:
D:3 3 runed translucent doors, Tommers's ghost, amateur TeAE
D:10 2 transporters, KuroJack's ghost, journeyman OgFE
D:11 3 runed translucent doors, enotiy's ghost, journeyman GrFi
D:12 4 transporters
Depths:2 1 runed translucent door, Ystuiga's ghost, journeyman MiBe
Depths:3 3 runed translucent doors, Sal Fat's ghost, veteran HuEE; Sul Oph's ghost, adept MiFi; Vugouxy's ghost, journeyman MiBe


Innate Abilities, Weirdness & Mutations

Your life essence is reduced to manifest your ancestor. (-10% HP)
You have a pair of large horns on your head.
You reflexively headbutt those who attack you in melee.
You are partially covered in iridescent scales. (AC +2)
You are very agile. (Dex +8, Str/Int -2)
Your magical capacity is low. (-10% MP)
Your spells are a little easier to cast, but a little less powerful.


Message History

You shoot an arrow. The arrow hits the hell hound!
The hell hound is severely wounded.
Septimus blocks the hell hound's attack.
Septimus hits the hell hound with a +0 broad axe of speed!!
You shoot an arrow. The arrow hits the hell hound!!!!
You kill the hell hound!
Septimus blocks the hell hound's attack.
Unknown command.
You shoot an arrow. Septimus avoids your attack.
The arrow hits the hell hound!!!!
You kill the hell hound!
Septimus hits the hell hound with a +0 broad axe of speed!
Septimus hits the hell hound with a +0 broad axe of speed.
Unknown command.
You shoot an arrow. The arrow hits the hell hound!!!
You kill the hell hound!
Septimus blocks the hell hound's attack.
Septimus hits the hell hound with a +0 broad axe of speed.
Unknown command.
You shoot an arrow. Septimus avoids your attack.
The arrow hits the hell hound!
The hell hound is severely wounded.
The hell hound bites Septimus!
Unknown command.
You shoot an arrow. Septimus avoids your attack.
The arrow misses the hell hound.
Septimus hits the hell hound with a +0 broad axe of speed!
The hell hound bites Septimus but does no damage.
You shoot an arrow. Septimus avoids your attack.
The arrow closely misses the hell hound.
Septimus blocks the hell hound's attack.
Septimus hits the hell hound with a +0 broad axe of speed!!
The hell hound dies!
You see here a hell hound corpse.
You swap places.
You see here a stone.
There is a huge open gate here.
The orc shouts!
There is an open gate here.
There is a staircase leading out of the dungeon here.
You have escaped!

.....>........................###
.................................
###....#######.#.......#......#..
...............#.............##..
#####...##.###.#.............##..
....#............................
....#..........................##
....#...#################......##
........#§§≈≈≈≈§@≈≈§§§§§#....###.
..#.##..#≈≈≈≈≈≈≈.≈≈§§§§§#....# #.
..#.....#≈≈≈≈......§§§≈§#....# #.
#.#(....#≈≈...........§§#....# #.
........#§§............≈#....# #.
####.#..#§§............≈#....# #.
........###..8.###.8..###....# ##
####....#o#...........#K#....####
........#######'''#######........


You could see an orc and a kobold.

Vanquished Creatures
  the Royal Jelly (Slime:5)
  Dissolution (Slime:3)
  An ancient lich (Zot:5)
  3 orbs of fire
  3 dread liches
  Mara (Depths:3)
  A juggernaut (Depths:2)
  7 Killer Klowns
  Frederick (Vaults:3)
  6 caustic shrikes
  3 curse toes
  7 golden dragons
  the Enchantress (Depths:2)
  2 bone dragons (Abyss:4)
  2 profane servitors
  A Hell Sentinel (Abyss:4)
  2 electric golems
  Rupert (Lair:5)
  5 liches
  23 Orb Guardians (Zot:5)
  17 tentacled monstrosities
  Asterion (Snake:2)
  2 deep elf blademasters
  3 quicksilver dragons
  An Executioner (Abyss:5)
  Frances (D:13)
  A walking crystal tome (Depths:1)
  13 tentacled starspawn
  Kirke (Elf:1)
  6 titans
  8 death cobs
  A kraken (Shoals:1)
  24 acid blobs
  An ancient champion (Vaults:3)
  5 sphinxes
  7 shadow dragons
  14 storm dragons
  Ilsuiw (Shoals:3)
  6 tengu reavers
  11 azure jellies
  6 draconian monks
  A daeva (Abyss:5)
  10 rockslimes
  2 draconian knights
  4 nagarajas (Snake:4)
  18 vault wardens
  11 fire giants
  9 deep elf sorcerers
  8 frost giants
  2 iron dragons
  2 cacodemons
  Aizul (Shoals:1)
  4 draconian shifters
  5 draconian scorchers
  10 ironbound preservers
  3 deep elf elementalists (Elf:3)
  3 draconian stormcallers
  4 spectral caustic shrikes (Depths:2)
  A demonspawn blood saint (Zot:4)
  3 spriggan defenders
  A quicksilver ooze (shapeshifter) (Vaults:1)
  2 ghost moths
  4 orc warlords
  10 draconian annihilators
  22 stone giants
  A reaper (Abyss:5)
  24 very ugly things
  11 quicksilver oozes
  3 war gargoyles
  2 ironbound thunderhulks
  8 deep elf demonologists
  7 deep elf annihilators
  3 vampire knights
  Azrael (Elf:1)
  10 white draconians
  4 dire elephants (Lair:5)
  8 green draconians
  A bunyip (shapeshifter) (Vaults:5)
  9 red draconians
  A spark wasp (shapeshifter) (Vaults:5)
  3 spark wasps (Depths:4)
  15 black draconians
  12 purple draconians
  7 yellow draconians
  An ettin (shapeshifter) (Vaults:5)
  9 deep elf death magi
  10 ettins
  2 blizzard demons
  Josephine (Orc:2)
  7 fire dragons
  9 merfolk impalers
  A green death (Abyss:5)
  A spriggan zombie (Abyss:4)
  8 great orbs of eyes
  10 merfolk javelineers
  5 deep elf high priests
  36 vault guards
  11 yaktaur captains
  4 ice dragons
  2 peacekeepers
  6 rakshasas
  2 salamander tyrants
  A hell beast (Zot:4)
  An ogre mage (D:15)
  3 hydras
  Erica (D:11)
  An anaconda (shapeshifter) (Vaults:1)
  A spriggan skeleton (Abyss:5)
  9 boulder beetles
  8 ironbound frosthearts
  5 spriggan air magi
  5 centaur warriors
  3 merfolk avatars
  9 merfolk aquamancers
  4 alligator snapping turtles
  A satyr (shapeshifter) (Vaults:1)
  A jorogumo (shapeshifter) (Depths:1)
  9 two-headed ogres
  12 anacondas
  A death yak (Lair:5)
  30 dancing weapons
  3 tengu warriors
  5 hell hogs (Abyss:4)
  A death scarab (Gauntlet)
  12 naga warriors
  8 deep troll shamans
  3 shock serpents
  6 deep troll earth magi
  9 spriggan berserkers
  10 naga sharpshooters
  4 orc high priests
  A soul eater (Abyss:4)
  3 thrashing horrors
  4 skysharks
  22 deep elf knights
  17 hell knights
  7 iron trolls
  2 sun moths (Shoals:4)
  4 sixfirhies
  6 sun demons
  A fire crab (shapeshifter) (Vaults:1)
  A spectral catoblepas (Gauntlet)
  10 wretched stars
  A spectral death yak (Lair:5)
  4 skeletal warriors
  8 salamander mystics
  7 sea snakes
  A spectral anaconda (Lair:5)
  27 deep trolls
  2 flayed ghosts
  An orb spider (shapeshifter) (D:15)
  A spectral hydra (Gauntlet)
  7 glowing orange brains
  4 phantasmal warriors (Vaults:5)
  5 wizards
  3 lindwurms (Vaults:4)
  10 necromancers
  4 naga ritualists
  An obsidian statue (D:9)
  14 deep elf archers
  An iron giant skeleton (Abyss:3)
  2 orange crystal statues
  25 ironbound convokers
  7 orc knights
  A shadow dragon zombie (Vaults:5)
  23 deep elf zephyrmancers
  19 harpies
  32 deep elf pyromancers
  12 mana vipers
  25 ugly things
  A steelbarb worm (shapeshifter) (Vaults:1)
  11 manticores
  8 cyclopes
  A shining eye (Slime:4)
  36 starcursed masses
  2 fauns
  8 orc sorcerers
  3 worldbinders
  14 elephants
  22 salamanders
  30 moths of wrath
  An elephant (shapeshifter) (Depths:1)
  16 vault sentinels
  10 naga magi
  A rust devil (Abyss:4)
  3 apocalypse crabs
  An ice statue (IceCv)
  A fire giant skeleton (Vaults:1)
  5 water nymphs
  5 merfolk sirens
  7 guardian serpents
  3 eyes of devastation
  5 smoke demons
  29 black mambas
  A demonic crawler (Abyss:4)
  A water nymph (shapeshifter) (Depths:1)
  An orange demon (Abyss:1)
  6 cane toads
  2 gargoyles
  A hellion (Abyss:4)
  5 kobold demonologists
  16 yaktaurs
  2 efreet
  4 komodo dragons
  4 freezing wraiths
  4 tengu conjurers
  2 rime drakes
  An ice devil (D:8)
  33 merfolk
  12 ancient zymes
  7 trolls
  A hydra zombie (Abyss:3)
  A tarantella (shapeshifter) (Vaults:1)
  2 trolls (shapeshifter)
  A polar bear (Lair:5)
  8 wind drakes
  Prince Ribbit (D:9)
  3 hellwings
  2 snapping turtles
  5 hornets
  6 blink frogs
  A spectral elephant (Lair:5)
  A human simulacrum (Vaults:3)
  A snapping turtle (shapeshifter) (Vaults:4)
  13 raiju
  27 large abominations
  92 slime creatures
  25 water elementals
  2 air elementals
  30 flying skulls
  A yak (shapeshifter) (D:13)
  3 shadows
  8 wraiths
  5 wyverns
  36 yaks
  4 spriggans
  2 spectral komodo dragons (Gauntlet)
  A wyvern (shapeshifter) (Depths:1)
  3 ynoxinuls
  4 fire elementals
  4 basilisks
  15 golden eyes
  A vampire (D:11)
  5 chaos spawn
  5 hogs (Elf:1)
  A redback (shapeshifter) (Elf:1)
  5 steam dragons
  9 vampire mosquitoes
  13 neqoxecs
  A yaktaur simulacrum (Vaults:1)
  2 death yak simulacra (Lair:5)
  Menkaure (D:7)
  2 spectral cane toads (Lair:5)
  A warg (Orc:2)
  24 nagas
  8 water moccasins
  A glowing shapeshifter skeleton (Vaults:5)
  7 hell hounds
  Pargi (Sewer)
  2 ice beasts (D:7)
  2 great orb of eyes simulacra (IceCv)
  27 orc warriors
  An ettin simulacrum (Vaults:1)
  20 wolves
  8 ogres
  A tengu (shapeshifter) (Vaults:5)
  7 centaurs
  2 elephant skeletons (Lair:5)
  3 phantoms
  4 kobold brigands
  5 slime creature simulacra (IceCv)
  11 bullfrogs
  6 earth elementals
  2 scorpions (D:4)
  A human skeleton (Vaults:5)
  2 gnoll sergeants (D:9)
  A scorpion (shapeshifter) (Abyss:3)
  3 glowing shapeshifter simulacra (IceCv)
  11 killer bees
  2 elephant simulacra (Lair:5)
  9 electric eels
  2 howler monkeys
  A lava snake (D:9)
  3 jellies
  A quasit (Abyss:3)
  4 hounds
  18 orc priests
  A gnoll bouda (D:9)
  A sleepcap (D:6)
  2 iguanas
  A scorpion zombie (D:4)
  Natasha (thrice) (D:4)
  A lightning spire (Gauntlet)
  22 orc wizards
  7 shapeshifter simulacra (IceCv)
  3 hell rats (Lair:4)
  13 small abominations
  A spectral hound (D:4)
  A hound zombie (D:4)
  A hound skeleton (D:4)
  9 gnolls
  6 adders
  2 white imps
  7 ufetubi
  3 worms
  5 dart slugs
  75 orcs
  11 ball pythons
  7 bats
  4 endoplasms
  3 giant cockroaches
  4 goblins
  7 hobgoblins
  5 quokkas
  17 frilled lizards
  A jackal skeleton (D:4)
  13 kobolds
  A quokka skeleton (D:4)
  3 rats
  4 lurking horrors
  2 spectral weapons
  7 starspawn tentacles
  2 tentacles (Shoals:1)
2222 creatures vanquished.

Vanquished Creatures (collateral kills)
  A dread lich (Abyss:4)
  A curse toe (Zot:5)
  Saint Roka (Vaults:1)
  A caustic shrike (Depths:4)
  3 golden dragons
  An electric golem (Zot:5)
  A lich (Depths:3)
  A tentacled monstrosity (Vaults:5)
  A quicksilver dragon (Depths:1)
  2 acid blobs
  3 Orb Guardians
  A death cob (Zot:2)
  4 sphinxes
  3 tentacled starspawn
  3 tengu reavers
  2 shadow dragons
  A storm dragon (Zot:5)
  4 azure jellies
  A rockslime (Zot:5)
  A nagaraja (Snake:3)
  3 frost giants
  2 fire giants
  2 vault wardens
  A deep elf sorcerer (Elf:3)
  A draconian shifter (Zot:4)
  5 draconian stormcallers
  2 ironbound preservers
  A spriggan defender (Depths:1)
  A quicksilver ooze (Slime:1)
  4 very ugly things
  An orc warlord (D:13)
  2 green draconians
  A stone giant (Vaults:5)
  4 black draconians
  3 ironbound thunderhulks
  3 deep elf demonologists
  A vampire knight (Depths:1)
  A minotaur (Gauntlet)
  2 yellow draconians
  2 red draconians
  A deep elf annihilator (Elf:1)
  2 purple draconians
  2 spark wasps
  2 white draconians
  A merfolk impaler (Shoals:2)
  Harold (D:11)
  2 yaktaur captains
  2 great orbs of eyes
  4 vault guards
  3 deep elf high priests
  A rakshasa (Depths:1)
  A hydra (D:9)
  2 spriggan air magi
  An ironbound frostheart (Vaults:1)
  2 merfolk aquamancers
  An ogre mage (Vaults:1)
  A spriggan skeleton (Abyss:5)
  2 vampire magi
  A deep troll earth mage (Depths:2)
  2 naga sharpshooters
  A naga warrior (Snake:2)
  2 spriggan berserkers
  Urug (D:11)
  A death scarab (Gauntlet)
  2 thrashing horrors (Abyss:1)
  A sun demon (Abyss:3)
  5 deep elf knights
  2 hell knights (Depths:2)
  A salamander mystic (Snake:4)
  A sea snake (Snake:1)
  A skyshark (Shoals:2)
  4 deep trolls
  A harpy (Shoals:4)
  An obsidian statue (Lair:5)
  A lindwurm (Vaults:4)
  An orange crystal statue (Abyss:4)
  A naga ritualist (Snake:3)
  2 deep elf archers
  6 large abominations
  A wizard (Vaults:1)
  An ironbound convoker (Vaults:2)
  2 mana vipers
  2 deep elf zephyrmancers (Elf:2)
  16 starcursed masses
  4 orc knights
  4 deep elf pyromancers
  A will-o-the-wisp (Abyss:5)
  6 ugly things
  3 shining eyes
  2 manticores
  5 salamanders
  5 vault sentinels
  A water nymph (Shoals:4)
  A guardian serpent (Snake:4)
  2 naga magi
  5 elephants
  An apocalypse crab (Abyss:5)
  2 eyes of devastation (Slime:5)
  5 black mambas
  5 smoke demons
  2 merfolk sirens
  3 kobold demonologists
  A cane toad (Lair:3)
  3 orange demons
  A hellion (Abyss:4)
  A komodo dragon (D:9)
  4 yaktaurs
  3 polar bears
  An ancient zyme (Abyss:4)
  5 merfolk
  A hellwing (D:15)
  6 raiju
  A troll (D:9)
  A blink frog (Lair:5)
  A human skeleton (Vaults:5)
  A human simulacrum (Vaults:1)
  26 slime creatures
  3 water elementals
  7 yaks
  A wyvern (Lair:4)
  A vampire (D:12)
  A wraith (Orc:2)
  A fire elemental (Abyss:4)
  2 golden eyes
  2 hogs (Elf:1)
  3 neqoxecs
  A naga (Snake:2)
  A naga zombie (Abyss:4)
  A water moccasin (Lair:4)
  An orc warrior (Vaults:1)
  2 hell hounds
  A great orb of eyes simulacrum (IceCv)
  2 centaurs (D:14)
  3 wolves
  A kobold brigand (Depths:3)
  3 bullfrogs
  A gnoll sergeant (D:8)
  A glowing shapeshifter simulacrum (IceCv)
  A small abomination (Abyss:4)
  7 orc wizards
  2 hell rats (Lair:4)
  2 gnolls
  6 orcs
  A kobold (D:11)
  2 starspawn tentacles
342 creatures vanquished.

Vanquished Creatures (others)
  A dread lich (Vaults:5)
  2 deep elf master archers (Elf:3)
  A stone giant (Vaults:5)
  An ironbound preserver (Vaults:5)
  A red draconian (Zot:4)
  A merfolk avatar (Shoals:2)
  A deep elf knight (Elf:2)
  A wizard (D:14)
  An orc knight (Vaults:1)
  3 yaktaurs
  A raiju (Abyss:5)
  2 yaks (Lair:3)
  A redback (shapeshifter) (Vaults:5)
  47 knights
  A killer bee (D:8)
  A small abomination (Abyss:5)
  12 ancestors
  A white imp (Abyss:1)
  An orc (Orc:2)
  4 bushes
  11 demonic plants (Abyss:4)
  A foxfire (Abyss:5)
  22 fungi
  113 plants
  31 starspawn tentacles
  6 tentacles (Shoals:1)
  45 withered plants
313 creatures vanquished.

Grand Total: 2877 creatures vanquished

Notes
Turn   | Place    | Note
-------+----------+-------------------------------------------
     0 | D:1      | krest9999 the Minotaur Hunter began the quest for the Orb.
     0 | D:1      | Reached XP level 1. HP: 18/18 MP: 0/0
   293 | D:1      | Reached XP level 2. HP: 26/26 MP: 1/1
   826 | D:1      | Reached skill level 5 in Ranged Weapons
   836 | D:1      | Reached XP level 3. HP: 31/31 MP: 2/2
  1640 | D:3      | Found a runed translucent gate.
  1641 | D:3      | Found a runed translucent gate.
  1641 | D:3      | Found a runed translucent gate.
  1643 | D:3      | Noticed Tommers's ghost (amateur TeAE)
  1829 | D:3      | Identified the +1 dagger "Worm's Wrath" {vamp, *Slow rN+
                  | Str+8 Dex-4}
  1836 | D:3      | Found a broken altar of Ashenzari.
  1909 | D:3      | Found a faded altar of an unknown god.
  1918 | D:3      | Reached XP level 4. HP: 33/38 MP: 3/3
  2150 | D:4      | Reached skill level 1 in Armour
  2175 | D:4      | Noticed a scorpion
  2180 | D:4      | Killed a scorpion
  2181 | D:4      | Reached XP level 5. HP: 44/46 MP: 4/4
  2431 | D:4      | Reached XP level 6. HP: 20/53 MP: 5/5
  2432 | D:3      | Found a basalt altar of Yredelemnul.
  2677 | D:4      | Noticed Natasha
  2680 | D:4      | Killed Natasha
  2707 | D:4      | Identified the +3 dagger of Niloriun {pain, Will++ Str+5}
  2913 | D:4      | Noticed Natasha
  2918 | D:4      | Killed Natasha
  2934 | D:4      | Found an iron altar of Okawaru.
  3243 | D:4      | Noticed Natasha
  3245 | D:4      | Killed Natasha
  3246 | D:4      | Reached skill level 5 in Fighting
  3265 | D:5      | Entered Level 5 of the Dungeon
  3272 | D:5      | Reached XP level 7. HP: 61/61 MP: 6/6
  3309 | D:4      | Reached skill level 10 in Fighting
  3309 | D:4      | Reached XP level 8. HP: 79/79 MP: 7/7
  3559 | D:5      | Found a staircase to the Ecumenical Temple.
  3570 | Temple   | Entered the Ecumenical Temple
  3705 | D:5      | Found a radiant altar of Vehumet.
  3736 | D:5      | Found an opulent altar of Gozag.
  3942 | D:6      | Found a glowing drain.
  3946 | Sewer    | Entered a sewer
  3988 | Sewer    | Noticed Pargi
  3996 | Sewer    | Killed Pargi
  4219 | D:6      | Identified the +1 trident of Midnight {spect, rC+ Will+}
  4492 | D:6      | Found a snail-covered altar of Cheibriados.
  4494 | D:6      | Found a white marble altar of Elyvilon.
  4532 | D:6      | Found a shimmering altar of Xom.
  4925 | D:7      | Reached XP level 9. HP: 86/86 MP: 8/8
  5131 | D:7      | Noticed a komodo dragon
  5173 | D:7      | Killed a komodo dragon
  5174 | D:7      | Reached skill level 10 in Ranged Weapons
  5247 | D:7      | Found a bloodstained altar of Trog.
  5377 | D:7      | Noticed Menkaure
  5382 | D:7      | Killed Menkaure
  5527 | D:7      | Identified the +7 war axe of Weott {chaos, rElec Str+4
                  | Int-2 Dex+3}
  5736 | D:7      | Found a hazy altar of Hepliaklqana.
  5764 | D:7      | Became a worshipper of Hepliaklqana the Forgotten
  6160 | D:8      | Found a blossoming altar of Fedhas.
  6257 | D:8      | Found Cumn's Distillery.
  6265 | D:8      | Bought a potion of curing for 36 gold pieces
  6367 | D:8      | Found Niojaora's Antique Armour Shoppe.
  6377 | D:8      | Found Zisito's Assorted Antiques.
  6380 | D:8      | Bought a scroll of identify for 50 gold pieces
  6380 | D:8      | Bought a scroll of identify for 50 gold pieces
  6425 | D:8      | Found Ublelun's Magic Scroll Shop.
  6437 | D:8      | Bought a scroll of fog for 56 gold pieces
  6437 | D:8      | Bought a scroll of identify for 28 gold pieces
  6437 | D:8      | Bought 2 scrolls of blinking for 210 gold pieces
  6443 | D:8      | Found Xudwu's General Store.
  6448 | D:8      | Bought a potion of flight for 36 gold pieces
  6448 | D:8      | Bought a wand of mindburst (3) for 50 gold pieces
  6448 | D:8      | Bought a potion of heal wounds for 60 gold pieces
  6463 | D:8      | Reached * piety under Hepliaklqana
  6594 | D:8      | Reached skill level 1 in Evocations
  6778 | D:8      | Reached XP level 10. HP: 86/86 MP: 9/9
  6920 | D:9      | Noticed an obsidian statue
  7047 | D:9      | Noticed Prince Ribbit
  7051 | D:9      | Killed Prince Ribbit
  7052 | D:9      | Found Ihyfi's Elemental Accessories.
  7174 | D:9      | Reached skill level 10 in Dodging
  7270 | D:9      | Found a staircase to the Lair.
  7331 | D:9      | Noticed a two-headed ogre
  7339 | D:9      | Killed a two-headed ogre
  7368 | D:9      | Noticed a centaur warrior
  7368 | D:9      | Noticed a manticore
  7369 | D:9      | Noticed a six-headed hydra
  7384 | D:9      | Killed a centaur warrior
  7401 | D:9      | Killed a six-headed hydra
  7402 | D:9      | Reached XP level 11. HP: 82/93 MP: 10/10
  7456 | D:9      | Noticed a boulder beetle
  7461 | D:9      | Noticed a centaur warrior
  7467 | D:9      | Noticed a cyan ugly thing
  7507 | D:9      | Killed a centaur warrior
  7559 | D:9      | Found a glowing golden altar of the Shining One.
  7623 | D:9      | Noticed a five-headed hydra
  7847 | D:9      | Killed a cyan ugly thing
  7890 | D:9      | Killed a boulder beetle
  8031 | D:9      | Killed a five-headed hydra
  8100 | Lair:1   | Entered Level 1 of the Lair of Beasts
  8913 | Lair:2   | Reached XP level 12. HP: 92/103 MP: 11/11
  8965 | Lair:2   | Reached ** piety under Hepliaklqana
  8966 | Lair:2   | Remembered your ancestor Septimus as a knight
  9081 | Lair:2   | Found a shimmering blue altar of Sif Muna.
  9683 | Lair:3   | Found a staircase to the Shoals.
  9752 | Lair:3   | Reached skill level 5 in Evocations
  9861 | Lair:3   | Noticed a four-headed hydra
  9893 | Lair:3   | Found a staircase to the Snake Pit.
  9900 | Lair:3   | Killed a four-headed hydra
 10337 | Lair:4   | Reached *** piety under Hepliaklqana
 10496 | Lair:4   | Noticed a boulder beetle
 10499 | Lair:4   | Found a hide-covered altar of Uskayaw.
 10499 | Lair:4   | Found an ornate altar of the Wu Jian Council.
 10517 | Lair:4   | Killed a boulder beetle
 10518 | Lair:4   | Reached skill level 15 in Ranged Weapons
 10852 | Lair:4   | Identified the +6 quarterstaff "Mathru" {holy, rPois Dex+3}
 10962 | Lair:4   | You fall into a shaft and drop 1 floor!
 10962 | Lair:5   | Entered Level 5 of the Lair of Beasts
 10982 | Lair:5   | Reached XP level 13. HP: 108/112 MP: 9/12
 10990 | Lair:5   | Reached skill level 15 in Fighting
 11425 | D:10     | Entered Level 10 of the Dungeon
 11446 | D:10     | Found Ecwofuva's General Store.
 11481 | D:10     | Found Keet's Antique Armour Shop.
 11482 | D:10     | Bought 3 scrolls of identify for 78 gold pieces
 11526 | D:10     | Noticed KuroJack's ghost (journeyman OgFE)
 11566 | D:10     | Noticed a stone giant
 11570 | D:10     | Found a transporter.
 11578 | D:10     | Found a transporter.
 11905 | D:10     | Found Dilainer's Assorted Antiques.
 11941 | D:10     | Bought a scroll of identify for 44 gold pieces
 11941 | D:10     | Bought a scroll of identify for 44 gold pieces
 12034 | D:10     | Bought a potion of haste for 130 gold pieces
 12048 | D:11     | Found a staircase to the Orcish Mines.
 12064 | D:11     | Reached **** piety under Hepliaklqana
 12073 | D:11     | Found a frozen archway.
 12082 | IceCv    | Entered an ice cave
 12237 | IceCv    | Found a viscous altar of Jiyva.
 12237 | IceCv    | Noticed an azure jelly
 12246 | IceCv    | Killed an azure jelly
 12250 | IceCv    | Noticed a quicksilver ooze
 12253 | IceCv    | Killed a quicksilver ooze
 12268 | IceCv    | Identified the +1 ring mail of the Imp {Dex+4}
 12471 | D:11     | Noticed Erica
 12481 | D:11     | Killed Erica
 12513 | D:11     | Noticed Harold
 12522 | D:11     | Killed Harold
 12595 | D:11     | Found Cangu's Magic Scroll Shop.
 12598 | D:11     | Bought a scroll of identify for 26 gold pieces
 12598 | D:11     | Bought a scroll of identify for 26 gold pieces
 12598 | D:11     | Bought a scroll of identify for 26 gold pieces
 12724 | D:11     | Found a runed translucent gate.
 12724 | D:11     | Found a runed translucent gate.
 12726 | D:11     | Found a runed translucent gate.
 12727 | D:11     | Noticed enotiy's ghost (journeyman GrFi)
 12727 | D:11     | Noticed a stone giant
 12852 | D:11     | Noticed Urug
 12861 | D:11     | Killed Urug
 13417 | Orc:1    | Entered Level 1 of the Orcish Mines
 13691 | Orc:2    | Entered Level 2 of the Orcish Mines
 13697 | Orc:2    | Reached ***** piety under Hepliaklqana
 13712 | Orc:2    | Noticed Josephine
 13720 | Orc:2    | Killed Josephine
 13752 | Orc:2    | Found a gate leading to a gauntlet.
 13762 | Gauntlet | Entered a Gauntlet
 13762 | Gauntlet | Found a transporter.
 13774 | Gauntlet | Found a transporter.
 13774 | Gauntlet | Found a transporter.
 13775 | Gauntlet | Found a transporter.
 13784 | Gauntlet | Found a transporter.
 13786 | Gauntlet | Found a transporter.
 13787 | Gauntlet | Found a transporter.
 13796 | Gauntlet | Found a transporter.
 13799 | Gauntlet | Found a transporter.
 13800 | Gauntlet | Found a transporter.
 13812 | Gauntlet | Found a transporter.
 13812 | Gauntlet | Found a transporter.
 13813 | Gauntlet | Found a transporter.
 13817 | Gauntlet | Found a runed translucent door.
 13817 | Gauntlet | Found a runed translucent door.
 13821 | Gauntlet | Found a transporter.
 14018 | Gauntlet | Paralysed by a hornet for 1 turns
 14076 | Gauntlet | Reached XP level 14. HP: 56/123 MP: 13/13
 14095 | Gauntlet | Identified the ring "Ygaygen" {rPois Will+ MP+9 Slay+3}
 14286 | Gauntlet | Identified the ring of Ipissu {rC+ Str+4 Int-5}
 14327 | Gauntlet | Identified the ring "Ydaneq" {*Slow rElec rN+ rCorr Str+6}
 14509 | Orc:2    | Found a staircase to the Elven Halls.
 14547 | Orc:2    | Found Suifitec's Antique Armour Shop.
 14745 | Orc:2    | Found Feqinum's Distillery.
 15054 | Orc:2    | Noticed an orc warlord
 15117 | Orc:2    | Killed an orc warlord
 15393 | Orc:2    | Found Mathreim's Antique Weapon Boutique.
 15395 | Orc:2    | Found Qachit's Antique Armour Shop.
 15480 | Orc:2    | Bought a pair of embroidered gloves for 210 gold pieces
 15932 | Lair:5   | Noticed Rupert
 15963 | Lair:5   | Killed Rupert
 16044 | Lair:5   | Found a staircase to the Slime Pits.
 16651 | Lair:5   | Identified the +8 plate armour of Utel {rC+ Will+ Stlth+}
 16816 | Lair:5   | Reached XP level 15. HP: 129/132 MP: 14/14
 17023 | Lair:5   | Identified the +6 great sword of Noon {freeze, rF+ Str+3}
 17341 | D:9      | Gained mutation: You have hidden genetic defects. [a
                  | neqoxec]
 17914 | D:12     | Found a transporter.
 17914 | D:12     | Found a transporter.
 17916 | D:12     | Found a transporter.
 17916 | D:12     | Found a transporter.
 18115 | D:12     | Identified the +3 trident of Blood-Lust {heavy, Dex+6}
 18279 | D:13     | Noticed Frances
 18290 | D:13     | Killed Frances
 18439 | D:13     | Noticed a tengu reaver
 18487 | D:13     | Gained mutation: You are frail. (-10% HP) [hidden defects]
 18519 | D:13     | Killed a tengu reaver
 18596 | D:13     | Identified the staff of fire "Ykucifia" {rF+ rC- rN+ Str+6
                  | SInv}
 18655 | D:13     | Found Woyggaow's Jewellery Shoppe.
 19781 | D:14     | Found an ancient bone altar of Kikubaaqudgha.
 19857 | D:14     | Gained mutation: You are weak. (Str -2) [hidden defects]
 19857 | D:14     | Lost mutation: You have hidden genetic defects. [hidden
                  | defects expressed]
 20145 | D:14     | Found a gate to the Vaults.
 20283 | D:14     | Learned a level 3 spell: Portal Projectile
 20294 | D:15     | Entered Level 15 of the Dungeon
 20419 | D:15     | Found Zeocif's Weapon Emporium.
 20489 | D:15     | Found Juameogoq's Jewellery Boutique.
 20725 | D:15     | Reached XP level 16. HP: 127/127 MP: 16/16
 20730 | D:15     | Reached skill level 1 in Translocations
 20757 | D:15     | Found Onodeh's General Store.
 20765 | D:15     | Bought a scroll of acquirement for 936 gold pieces
 20765 | D:15     | Acquired 1174 gold pieces
 20808 | D:15     | Reached ****** piety under Hepliaklqana
 20816 | D:15     | Reached skill level 1 in Spellcasting
 20954 | D:15     | Found a staircase to the Depths.
 21196 | Snake:1  | Entered Level 1 of the Snake Pit
 22232 | Snake:2  | Reached skill level 10 in Evocations
 22311 | Snake:2  | Got the Compilation of Chilly Illusion
 22410 | Snake:2  | Noticed Asterion
 22420 | Snake:2  | Killed Asterion
 22636 | Snake:2  | Found Puma's Distillery.
 22708 | Snake:2  | Found Vicvuwal's Tremendous Tomes.
 23190 | Snake:3  | Reached XP level 17. HP: 133/134 MP: 20/20
 23353 | Snake:3  | Found a glowing golden altar of the Shining One.
 23531 | Snake:3  | Found a glowing silver altar of Zin.
 23631 | Snake:4  | Entered Level 4 of the Snake Pit
 24150 | Snake:4  | Acquired the amulet "Exkil" {Reflect SH+5 Stlth+}
 24321 | Snake:4  | Reached skill level 15 in Dodging
 24720 | Snake:4  | Got a serpentine rune of Zot
 24921 | Shoals:1 | Entered Level 1 of the Shoals
 25162 | D:15     | Bought a ring of flight for 227 gold pieces
 25214 | D:13     | Bought the ring of Likhinn {Will++ AC+4} for 1026 gold
                  | pieces
 25405 | Shoals:1 | Noticed Aizul
 25413 | Shoals:1 | Killed Aizul
 25470 | Shoals:1 | Noticed a kraken
 25482 | Shoals:1 | Killed a kraken
 25744 | Shoals:1 | Identified the ring "Gesius" {Ice rElec Will+ Str+5 SInv}
 26136 | Shoals:2 | Found Enneurch's Jewellery Shop.
 26271 | Shoals:2 | Reached skill level 5 in Translocations
 26667 | Shoals:2 | Found a runed translucent door.
 27070 | Shoals:2 | Reached XP level 18. HP: 115/135 MP: 21/21
 27179 | Shoals:2 | Acquired 630 gold pieces
 27180 | Shoals:2 | Acquired the ring "Qouxzef" {rElec rPois rC+}
 27404 | Shoals:3 | Identified the -2 pair of gloves of Latyrghi {Fly Dex+3}
 27825 | Shoals:3 | Noticed Ilsuiw
 27844 | Shoals:3 | Killed Ilsuiw
 28086 | Shoals:4 | Entered Level 4 of the Shoals
 28086 | Shoals:4 | Found Ynikax's Assorted Antiques.
 28172 | Shoals:4 | Bought a scroll of summoning for 228 gold pieces
 28598 | Shoals:4 | Got a barnacled rune of Zot
 28599 | Shoals:4 | Identified the +11 dagger of Honour {antimagic, Stlth+}
 28914 | Shoals:4 | Identified the +3 long sword of the Summoning Blowfly
                  | {freeze, Str+5 Dex+3}
 29138 | Shoals:4 | Found Boito's Armour Shoppe.
 29197 | Shoals:4 | Found the +3 giant club "Skullcrusher" {speed, Str+7}
 29202 | Shoals:4 | Found Pagafia's General Store.
 29835 | Elf:1    | Entered Level 1 of the Elven Halls
 29880 | Elf:1    | Noticed Kirke
 29947 | Elf:1    | Noticed Azrael
 29956 | Elf:1    | Killed Azrael
 30011 | Elf:1    | Found Liast's Armour Shop.
 30115 | Elf:1    | You fall into a shaft and drop 1 floor!
 30132 | Elf:2    | Reached XP level 19. HP: 152/152 MP: 22/22
 30369 | Elf:1    | Identified the +5 scale mail "Etocy" {rPois}
 30378 | Elf:1    | Found Racvur Fuvo's General Store.
 30395 | Elf:1    | Found Qich's General Store.
 30395 | Elf:1    | Found Ehoall's Armour Boutique.
 30397 | Elf:1    | Found Pedduu's Jewellery Shoppe.
 30400 | Elf:1    | Killed Kirke
 30405 | Elf:1    | Bought a scroll of blinking for 150 gold pieces
 30407 | Elf:1    | Bought the amulet "Ucikutef" {Acrobat Regen+} for 592 gold
                  | pieces
 30434 | Elf:1    | Bought a +0 hat for 56 gold pieces
 30732 | Elf:2    | Found Caydedde's Assorted Antiques.
 30736 | Elf:2    | Bought a faintly glowing robe for 165 gold pieces
 30736 | Elf:2    | Identified the +2 robe of the Jackalope {*Corrode rF+ rC+
                  | Dex+5} (You bought it in a shop on level 2 of the Elven
                  | Halls)
 30999 | Elf:2    | Noticed a Brimstone Fiend
 31074 | Elf:2    | Found a runed translucent gate.
 31074 | Elf:2    | Found a runed translucent gate.
 31074 | Elf:2    | Found a runed translucent gate.
 31217 | Elf:2    | Bought an iron ring for 145 gold pieces
 31582 | Elf:3    | Entered Level 3 of the Elven Halls
 31831 | Elf:3    | Reached skill level 5 in Spellcasting
 32387 | Elf:3    | Reached skill level 1 in Hexes
 32690 | Elf:3    | Reached XP level 20. HP: 160/160 MP: 26/26
 32846 | Elf:3    | Acquired 809 gold pieces
 32983 | Elf:3    | Got Sif Muna's Compilation of Frostbite and Toxins
 32987 | Elf:3    | Identified the staff of conjuration "Tinuarri" {Dex+2}
 33027 | Elf:3    | Identified the staff of poison "Poinurir" {rPois Int+6}
 33029 | Elf:3    | Identified the staff of cold "Seweipt" {rElec rC+ Stlth+}
 33070 | Elf:3    | Identified the ring "Fuunn" {*Corrode rPois rN+ Will+++
                  | Stlth-}
 33085 | Elf:3    | Identified the ring "Voish" {Fire Will+ Int+3}
 33415 | Vaults:1 | Entered Level 1 of the Vaults
 34368 | Vaults:1 | Noticed Saint Roka
 34381 | Vaults:1 | Killed Saint Roka
 36084 | Vaults:3 | Reached XP level 21. HP: 168/168 MP: 28/28
 36153 | Vaults:3 | Found a staircase to the Crypt.
 36379 | Vaults:3 | Noticed Frederick
 36385 | Vaults:3 | Killed Frederick
 36710 | Vaults:3 | Found Cibaurum's Antique Weapon Emporium.
 37080 | Vaults:3 | Found Ekuck's Assorted Antiques.
 37087 | Vaults:3 | Bought a scroll of teleportation for 87 gold pieces
 37087 | Vaults:3 | Bought a scroll of acquirement for 1508 gold pieces
 37089 | Vaults:3 | Acquired the +1 pair of gloves of the Mango {+Inv Dex+4}
 37431 | Vaults:4 | Found Zacky's Magic Scroll Shoppe.
 37435 | Vaults:4 | Bought a scroll of fog for 76 gold pieces
 37435 | Vaults:4 | Bought a scroll of teleportation for 57 gold pieces
 37435 | Vaults:4 | Bought a scroll of teleportation for 57 gold pieces
 37435 | Vaults:4 | Bought a scroll of teleportation for 57 gold pieces
 38341 | Depths:1 | Entered Level 1 of the Depths
 38508 | Depths:1 | Noticed a caustic shrike
 38519 | Depths:1 | Killed a caustic shrike
 38592 | Depths:1 | Found a one-way gate leading to the halls of Pandemonium.
 38709 | Depths:1 | You fall into a shaft and drop 1 floor!
 38836 | Depths:2 | Found a runed translucent door.
 38836 | Depths:2 | Noticed Ystuiga's ghost (journeyman MiBe)
 38836 | Depths:2 | Noticed a golden dragon
 38843 | Depths:2 | Reached XP level 22. HP: 179/179 MP: 31/31
 39025 | Depths:2 | Noticed a juggernaut
 39034 | Depths:2 | Killed a juggernaut
 39194 | Depths:2 | Reached skill level 15 in Evocations
 39231 | Depths:2 | Reached skill level 5 in Hexes
 39232 | Depths:2 | Found a gateway to Hell.
 39307 | Depths:1 | Found a stormy altar of Qazlal.
 39324 | Depths:1 | Noticed the Enchantress
 39706 | Depths:1 | Identified the +0 falchion of Annihilation {freeze,
                  | *Corrode rF+ Int+5}
 40245 | Depths:2 | Killed the Enchantress
 40440 | Depths:2 | Identified the +5 robe "Nobisk" {rPois rF- Will++ rCorr}
 40448 | Depths:2 | Identified the staff of poison "Jaypejit" {+Blink rElec
                  | rPois SInv}
 40804 | Depths:3 | Found a runed translucent gate.
 40804 | Depths:3 | Found a runed translucent gate.
 40806 | Depths:3 | Found a runed translucent gate.
 40808 | Depths:3 | Noticed Sal Fat's ghost (veteran HuEE)
 40808 | Depths:3 | Noticed Vugouxy's ghost (journeyman MiBe)
 40809 | Depths:3 | Noticed Sul Oph's ghost (adept MiFi)
 40860 | Depths:3 | Noticed Mara
 40869 | Depths:3 | Noticed krest9999's illusion
 40873 | Depths:3 | Killed Mara
 40899 | Depths:3 | Identified the amulet "Qucsaawk" {Acrobat rN+ Int+3}
 40954 | Depths:3 | Noticed a caustic shrike
 40957 | Depths:3 | Killed a caustic shrike
 41179 | Depths:3 | Found a one-way gateway to a ziggurat.
 41260 | Depths:3 | Found Mepeg's Book Boutique.
 41260 | Depths:3 | Found Pihaorgho's Jewellery Emporium.
 41261 | Depths:3 | Found Mefun's Jewellery Emporium.
 41391 | Depths:4 | Entered Level 4 of the Depths
 41462 | Depths:3 | Reached XP level 23. HP: 32/188 MP: 32/32
 41649 | Depths:4 | Found a gate to the Realm of Zot.
 41712 | Depths:4 | Found a hazy altar of Hepliaklqana.
 41753 | Depths:4 | Found a flickering gateway to a bazaar.
 41762 | Bazaar   | Entered a bazaar
 41803 | Bazaar   | Found Uffemeby's Book Shoppe.
 41819 | Bazaar   | Found Yduch's Assorted Antiques.
 41852 | Bazaar   | Found Vauskun's Antique Armour Shoppe.
 41893 | Bazaar   | Bought a twisted copper ring for 60 gold pieces
 41893 | Bazaar   | Bought a potion of mutation for 96 gold pieces
 41893 | Bazaar   | Bought a transparent robe for 68 gold pieces
 41893 | Bazaar   | Identified the +2 robe of Hangman {rElec rC+ Str+3 Dex+2}
                  | (You bought it in a shop in a bazaar)
 41925 | Depths:4 | Noticed a caustic shrike
 41927 | Depths:4 | Noticed a caustic shrike
 41928 | Depths:4 | Noticed a caustic shrike
 41928 | Depths:4 | Noticed a caustic shrike
 41932 | Depths:4 | Killed a caustic shrike
 41939 | Depths:4 | Killed a caustic shrike
 41940 | Depths:4 | Noticed a caustic shrike
 41941 | Depths:4 | Killed a caustic shrike
 41943 | Depths:4 | Killed a caustic shrike
 41945 | Depths:4 | Killed a caustic shrike
 43018 | Slime:1  | Entered Level 1 of the Pits of Slime
 43050 | Slime:1  | Reached skill level 1 in Invocations
 43050 | Slime:1  | Gained mutation: You occasionally shout uncontrollably at
                  | your foes. [a shining eye]
 43946 | Slime:3  | Noticed Dissolution
 43951 | Slime:3  | Killed Dissolution
 44047 | Slime:3  | Gained mutation: Armour fits poorly on your strangely
                  | shaped body. [a shining eye]
 44049 | Slime:3  | Gained mutation: You are clumsy. (Dex -2) [a shining eye]
 44358 | Slime:4  | Reached skill level 27 in Fighting
 44417 | Slime:4  | Gained mutation: You frequently scream uncontrollably at
                  | your foes. [a shining eye]
 44646 | Slime:5  | Entered Level 5 of the Pits of Slime
 44691 | Slime:5  | Noticed the Royal Jelly
 45021 | Slime:5  | Killed the Royal Jelly
 45223 | Slime:5  | Identified the ring "Wuzez" {Ice rCorr Str-3 Slay+6}
 45227 | Slime:5  | Identified the +2 dagger of Jiajiyt {protect, rC+}
 45230 | Slime:5  | Got a slimy rune of Zot
 45257 | Slime:5  | Identified the staff of air "Nuatusas" {rElec rF+ rC+ rN+}
 45275 | Slime:5  | Got the Papyrus of Beguiling
 45302 | Slime:5  | Identified the staff of poison "Mutriywna" {+Blink rPois
                  | Str+2 Stlth-}
 45304 | Slime:5  | Got the Directory of Angles and Blasts
 45315 | Slime:5  | Identified the +1 battleaxe of Corruption {freeze, +Blink
                  | Int+3}
 45342 | Slime:5  | Identified the amulet of Vouciry {Spirit +Blink}
 45353 | Slime:5  | Identified the staff of fire "Jaowisa" {Drain rPois rF+
                  | Will+ Int+2}
 45504 | D:9      | Lost mutation: You frequently scream uncontrollably at your
                  | foes. [potion of mutation]
 45504 | D:9      | Lost mutation: You are clumsy. (Dex -2) [potion of
                  | mutation]
 45504 | D:9      | Lost mutation: You are frail. (-10% HP) [potion of
                  | mutation]
 45504 | D:9      | Lost mutation: Armour fits poorly on your strangely shaped
                  | body. [potion of mutation]
 45504 | D:9      | Gained mutation: You are very weak. (Str -4) [potion of
                  | mutation]
 45505 | D:9      | Lost mutation: You are very weak. (Str -4) [potion of
                  | mutation]
 45505 | D:9      | Lost mutation: You occasionally shout uncontrollably at
                  | your foes. [potion of mutation]
 45505 | D:9      | Gained mutation: Armour fits poorly on your strangely
                  | shaped body. [potion of mutation]
 45505 | D:9      | Gained mutation: You have a pair of large horns on your
                  | head. [potion of mutation]
 45506 | D:9      | Lost mutation: You are weak. (Str -2) [potion of mutation]
 45506 | D:9      | Lost mutation: You have a pair of large horns on your head.
                  | [potion of mutation]
 45506 | D:9      | Lost mutation: Armour fits poorly on your strangely shaped
                  | body. [potion of mutation]
 45506 | D:9      | Gained mutation: You are partially covered in iridescent
                  | scales. (AC +2) [potion of mutation]
 45767 | Zot:1    | Entered Level 1 of the Realm of Zot
 45793 | Zot:1    | Reached XP level 24. HP: 224/224 MP: 32/32
 45821 | Zot:1    | You fall into a shaft and drop 1 floor!
 46246 | Zot:1    | Learned a level 4 spell: Passage of Golubria
 47421 | Zot:2    | Reached skill level 5 in Invocations
 47716 | Zot:2    | Noticed an orb of fire
 47727 | Zot:2    | Killed an orb of fire
 48995 | Zot:5    | Entered Level 5 of the Realm of Zot
 49302 | Zot:4    | Noticed a Killer Klown
 49306 | Zot:4    | Killed a Killer Klown
 49477 | Zot:4    | Reached XP level 25. HP: 225/231 MP: 32/32
 50007 | Zot:4    | Identified the +0 bardiche of the Hawk {drain, rCorr Str+5
                  | Int-4}
 50239 | Zot:5    | Identified the +5 scale mail of Sorcery {Int+5}
 50553 | Zot:5    | Noticed a Killer Klown
 50556 | Zot:5    | Noticed a Killer Klown
 50557 | Zot:5    | Killed a Killer Klown
 50569 | Zot:5    | Killed a Killer Klown
 50571 | Zot:5    | Noticed an orb of fire
 50580 | Zot:5    | Noticed a Killer Klown
 50625 | Zot:5    | Noticed a Killer Klown
 50632 | Zot:5    | Gained mutation: You have hidden genetic defects. [an orb
                  | of fire]
 50641 | Zot:5    | Gained mutation: You occasionally shout uncontrollably at
                  | your foes. [an orb of fire]
 50645 | Zot:5    | Gained mutation: You occasionally lose the ability to drink
                  | potions when taking damage. [an orb of fire]
 50647 | Zot:5    | Gained mutation: You are frail. (-10% HP) [an orb of fire]
 50649 | Zot:5    | Killed an orb of fire
 50650 | Zot:5    | a Killer Klown changed into an acid blob
 50742 | Zot:5    | Killed a Killer Klown
 50807 | Zot:5    | Noticed a dread lich
 50807 | Zot:5    | Noticed an ancient lich
 50807 | Zot:5    | Noticed an orb of fire
 50810 | Zot:5    | Noticed a dread lich
 50811 | Zot:5    | Noticed a Killer Klown
 50817 | Zot:5    | Gained mutation: Your body sometimes deteriorates upon
                  | taking damage. [an orb of fire]
 50817 | Zot:5    | Gained mutation: Armour fits poorly on your strangely
                  | shaped body. [an orb of fire]
 50861 | Zot:4    | Killed a dread lich
 50974 | Zot:5    | Noticed a Killer Klown
 50978 | Zot:5    | a Killer Klown changed into a rockslime
 51005 | Zot:5    | Noticed a Killer Klown
 51031 | Zot:5    | Killed a Killer Klown
 51145 | Zot:5    | Killed a Killer Klown
 51185 | Zot:5    | Gained mutation: You are dopey. (Int -2) [hidden defects]
 51204 | Zot:5    | Noticed a Killer Klown
 51215 | Zot:5    | Killed an ancient lich
 51241 | Zot:5    | Killed a Killer Klown
 51549 | Zot:5    | Killed a dread lich
 51551 | Zot:5    | Gained mutation: You are vulnerable to heat. (rF-) [an orb
                  | of fire]
 51554 | Zot:5    | Killed an orb of fire
 51557 | Zot:5    | Gained mutation: You occasionally lose the ability to read
                  | scrolls when taking damage. [hidden defects]
 51557 | Zot:5    | Lost mutation: You have hidden genetic defects. [hidden
                  | defects expressed]
 51908 | Zot:5    | Lost mutation: You are vulnerable to heat. (rF-) [potion of
                  | mutation]
 51908 | Zot:5    | Lost mutation: Armour fits poorly on your strangely shaped
                  | body. [potion of mutation]
 51908 | Zot:5    | Lost mutation: You are partially covered in iridescent
                  | scales. (AC +2) [potion of mutation]
 51908 | Zot:5    | Gained mutation: You are very frail. (-20% HP) [potion of
                  | mutation]
 51908 | Zot:5    | Gained mutation: You expend magic power (3 MP) to
                  | strengthen your wands. [potion of mutation]
 51909 | Zot:5    | Lost mutation: Your body sometimes deteriorates upon taking
                  | damage. [potion of mutation]
 51909 | Zot:5    | Lost mutation: You expend magic power (3 MP) to strengthen
                  | your wands. [potion of mutation]
 51909 | Zot:5    | Gained mutation: You are partially covered in iridescent
                  | scales. (AC +2) [potion of mutation]
 51909 | Zot:5    | Gained mutation: You are vulnerable to heat. (rF-) [potion
                  | of mutation]
 51909 | Zot:5    | Lost mutation: You are partially covered in iridescent
                  | scales. (AC +2) [potion of mutation]
 51910 | Zot:5    | Lost mutation: You are vulnerable to heat. (rF-) [potion of
                  | mutation]
 51910 | Zot:5    | Lost mutation: You occasionally shout uncontrollably at
                  | your foes. [potion of mutation]
 51910 | Zot:5    | Lost mutation: You occasionally lose the ability to drink
                  | potions when taking damage. [potion of mutation]
 51910 | Zot:5    | Gained mutation: You are very dopey. (Int -4) [potion of
                  | mutation]
 51910 | Zot:5    | Gained mutation: You are partially covered in iridescent
                  | scales. (AC +2) [potion of mutation]
 51911 | Zot:5    | Lost mutation: You are very dopey. (Int -4) [potion of
                  | mutation]
 51911 | Zot:5    | Lost mutation: You are very frail. (-20% HP) [potion of
                  | mutation]
 51911 | Zot:5    | Gained mutation: Your spells are a little easier to cast,
                  | but a little less powerful. [potion of mutation]
 51911 | Zot:5    | Gained mutation: Armour fits poorly on your strangely
                  | shaped body. [potion of mutation]
 51911 | Zot:5    | Gained mutation: You have a pair of large horns on your
                  | head. [potion of mutation]
 51912 | Zot:5    | Lost mutation: You are dopey. (Int -2) [potion of mutation]
 51912 | Zot:5    | Lost mutation: Armour fits poorly on your strangely shaped
                  | body. [potion of mutation]
 51912 | Zot:5    | Gained mutation: You sometimes lose your temper in combat.
                  | [potion of mutation]
 51912 | Zot:5    | Gained mutation: You are mostly covered in iridescent
                  | scales. (AC +4) [potion of mutation]
 51913 | Zot:5    | Lost mutation: You occasionally lose the ability to read
                  | scrolls when taking damage. [potion of mutation]
 51913 | Zot:5    | Lost mutation: You are frail. (-10% HP) [potion of
                  | mutation]
 51913 | Zot:5    | Gained mutation: You are frail. (-10% HP) [potion of
                  | mutation]
 51913 | Zot:5    | Gained mutation: Armour fits poorly on your strangely
                  | shaped body. [potion of mutation]
 51913 | Zot:5    | Gained mutation: You have large cloven feet. [potion of
                  | mutation]
 51914 | Zot:5    | Lost mutation: You have large cloven feet. [potion of
                  | mutation]
 51914 | Zot:5    | Lost mutation: You are mostly covered in iridescent scales.
                  | (AC +4) [potion of mutation]
 51914 | Zot:5    | Gained mutation: You have large cloven feet. [potion of
                  | mutation]
 51914 | Zot:5    | Gained mutation: You are mostly covered in iridescent
                  | scales. (AC +4) [potion of mutation]
 51915 | Zot:5    | Lost mutation: You have large cloven feet. [potion of
                  | mutation]
 51915 | Zot:5    | Lost mutation: You are frail. (-10% HP) [potion of
                  | mutation]
 51915 | Zot:5    | Lost mutation: You are mostly covered in iridescent scales.
                  | (AC +4) [potion of mutation]
 51915 | Zot:5    | Gained mutation: You are agile. (Dex +4, Str/Int -1)
                  | [potion of mutation]
 51915 | Zot:5    | Gained mutation: Your magical capacity is low. (-10% MP)
                  | [potion of mutation]
 51915 | Zot:5    | Gained mutation: Your mind is acute. (Int +4, Str/Dex -1)
                  | [potion of mutation]
 51916 | Zot:5    | Lost mutation: Your mind is acute. (Int +4, Str/Dex -1)
                  | [potion of mutation]
 51916 | Zot:5    | Lost mutation: Armour fits poorly on your strangely shaped
                  | body. [potion of mutation]
 51916 | Zot:5    | Gained mutation: You are very agile. (Dex +8, Str/Int -2)
                  | [potion of mutation]
 51916 | Zot:5    | Lost mutation: You sometimes lose your temper in combat.
                  | [potion of mutation]
 52175 | Depths:3 | Found a one-way gate to the infinite horrors of the Abyss.
 52215 | Depths:3 | Voluntarily entered the Abyss.
 52518 | Abyss:1  | Found a corrupted altar of Lugonu.
 52539 | Abyss:1  | Reached skill level 10 in Armour
 52658 | Abyss:2  | Found a corrupted altar of Lugonu.
 52773 | Abyss:3  | Reached XP level 26. HP: 206/239 MP: 29/29
 52884 | Abyss:3  | Found a corrupted altar of Lugonu.
 53067 | Abyss:4  | Killed a dread lich
 53081 | Abyss:4  | Found a corrupted altar of Lugonu.
 53222 | Abyss:4  | Lost intelligence.
 53301 | Abyss:4  | Got an abyssal rune of Zot
 53333 | Abyss:4  | Reached skill level 27 in Dodging
 53749 | Abyss:5  | Reached skill level 10 in Invocations
 53782 | Depths:3 | Escaped the Abyss
 54029 | Vaults:5 | Entered Level 5 of the Vaults
 54319 | Vaults:4 | Reached skill level 27 in Ranged Weapons
 54682 | Vaults:5 | Reached XP level 27. HP: 88/245 MP: 27/29
 54685 | Vaults:4 | Reached skill level 1 in Stealth
 54823 | Vaults:5 | Noticed a dread lich
 55116 | Vaults:5 | Identified the ring of the Burgomaster {rElec rF+ Slay+2
                  | Stlth+}
 55119 | Vaults:5 | Killed a dread lich
 55562 | Vaults:5 | Noticed a dread lich
 55570 | Vaults:5 | Killed a dread lich
 55676 | Vaults:5 | Found the +8 lance "Wyrmbane" {slay drac, rPois rF+ rC+
                  | AC+3}
 55680 | Vaults:5 | Got a silver rune of Zot
 55821 | Vaults:5 | Identified the +4 hand axe "Goblinbane" {vamp, Str+3}
 55990 | Vaults:5 | Got the Directory of Xenomorphic Frostbite
 55991 | Vaults:5 | Identified the staff of poison "Ekiari" {rPois rF+ rN+
                  | Dex+7 Stlth-}
 56018 | Vaults:5 | Identified the amulet "Jib Nad" {Spirit Str+2}
 56172 | Vaults:5 | Identified the +0 shortbow of Joyful Slaughter {flame, rN+
                  | rCorr}
 56176 | Vaults:5 | Got the Directory of Moving Cold
 56621 | Zot:5    | Got the Orb of Zot
 57279 | D:$      | Escaped with the Orb!

Illustrated notes

Levels and vault maps discovered:
D:1:      lordsloth_arrival_two_stooges, layout_basic
D:2:      layout_basic, serial_park_tiny_pond, minmay_pentomino_q2
D:3:      layout_rooms, nicolae_overflow_ecumenical_swirl,
          evilmike_ruin_ashenzari, ebering_ghost_rock_garden
D:4:      layout_basic, okawaru_metal_pillars_1_2, dilly_guarded_unrand_morg
D:5:      layout_rooms, nicolae_gozag_cash_rules_everything_around_me,
          pf_just_have_faith, minmay_temple_entry_mini_moons
D:6:      layout_loops_ring, kennysheep_mini,
          chequers_temple_overflow_statue_of_worship, gup_sewer_entry_bowl
D:7:      layout_loops_corners, lemuel_coloured_pillars_altar,
          mainiacjoe_overflow_paths, minmay_lizard_king, uniq_menkaure
D:8:      layout_rooms, fedhas_altar_2, serial_shops, shop,
          nicolae_shop_pleasant_corner_grove, kennysheep_mini_moat, shop,
          nicolae_shop_tiny_waterfront, roderic_serpentine_path
D:9:      hangedman_cross_veins, layout_loops_ring, tso_altar,
          david_lair_shrubbed, grunt_decor_junction,
          nicolae_kite_square_tiling_tiny, minivault_16, nicolae_elemental_shop,
          uniq_prince_ribbit1
D:10:     layout_rooms, serial_shops, nicolae_stop_n_shop_1, shop,
          kennysheep_little_box, gammafunk_ghost_arena
D:11:     layout_layer_cave, orc_0_dummy, portal_ice_cave_entry_pillars_1,
          gammafunk_ghost_split, serial_shops, shop, uniq_harold, uniq_urug,
          uniq_erica
D:12:     layout_basic, grunt_ministairs_11, nicolae_diode_quadrants
D:13:     layout_loops_corners, serial_shops, nicolae_shop_gaudy_bauble,
          minmay_radiant, uniq_frances
D:14:     layout_stronghold, grunt_vaults_entry_fortified,
          kiku_gazebo_pond_becter
D:15:     gammafunk_enter_depths_forms, layout_basic, minivault_26,
          serial_shops, nicolae_shop_rolling_square,
          nicolae_shop_bloodbath_and_beyond, shop
Temple:   eino_temple_lava
Lair:1:   layout_gridlike, pdpol_lair_neglected_garden,
          nicolae_quartered_pool_impasse, grunt_megastairs_4,
          serial_bayou_shore_b, infiniplex_staircase_pool
Lair:2:   layout_loops_ring, basic_altar, serial_bayou, serial_bayou_crossing,
          serial_bayou_ford_a, serial_bayou_shore_b, serial_bayou_pond_a
Lair:3:   layout_misc_corridors, nicolae_shoals_entry_flooding,
          minmay_snake_entry_guardpost_small
Lair:4:   layout_layer_cave, nzn_masters_of_martial_movement
Lair:5:   due_jungle_book, layout_misc_corridors, minmay_slime_entry_pillars,
          uniq_rupert
Shoals:1: layout_shoals, uniq_aizul
Shoals:2: nicolae_shoals_offshore_bank_account, layout_shoals,
          nicolae_stop_n_shop_2, nicolae_shoals_arrival_archipelago
Shoals:3: layout_shoals, uniq_ilsuiw
Shoals:4: shoals_end_simple, layout_shoals, serial_shops, nicolae_shop_crystal,
          nicolae_square_shop, nicolae_shop_tiny_statue_garden,
          nicolae_shoals_bring_sunscreen
Snake:1:  layout_basic, serial_bayou_shore_a
Snake:2:  layout_onion_interference, serial_shops, shop,
          hangedman_snake_pattern, nicolae_shop_i_like_big_books,
          minmay_snake_pond, uniq_asterion
Snake:3:  layout_cave_shapes, hangedman_feature_mirror
Snake:4:  grunt_snake_rune_pools, layout_basic
Slime:1:  layout_caves, cheibrodos_slime_lost_civilization_7
Slime:2:  layout_caves
Slime:3:  layout_caves, uniq_dissolution
Slime:4:  layout_caves
Slime:5
Orc:1:    layout_diamond_mine, basic_altar, nicolae_orc_sculptors_studio
Orc:2:    grunt_orc_community_town_hall, layout_diamond_mine,
          grunt_orc_community_big_house_1, grunt_orc_community_big_house_2,
          grunt_orc_community_house_2, grunt_orc_community_house_1,
          grunt_orc_community_house_1, grunt_orc_community_house_1,
          grunt_orc_community_house_3, gauntlet_entry_generic, uniq_josephine
Elf:1:    eino_elf_arrival_shootout, layout_loops_ring, serial_shops, shop,
          grunt_ministairs_1, nicolae_wooded_promenade, minivault_16,
          uniq_kirke, uniq_azrael
Elf:2:    nicolae_elf_blades_crystal_corner, layout_loops_cross, serial_shops,
          nicolae_shop_pleasant_corner_grove, nicolae_elf_variegated_diamond
Elf:3:    minmay_elf_hall_spiked, layout_geoelf_octagon, grunt_megastairs_3
Vaults:1: nicolae_vaults_trapezoid_lopsided_1, vaults_dpeg_encased_lava,
          hangedman_vaults_capsules, ontoclasm_vaults_decontamination,
          nicolae_vaults_theta, vaults_standard_mumra_x,
          nicolae_vaults_trapezoid_lopsided_3,
          nicolae_vaults_stairing_the_circle,
          nicolae_vaults_loss_of_containment, nicolae_vaults_trapezoid_2,
          grunt_vaults_hallway_long, v_misc_5, v_alt_pattern_1,
          nicolae_vaults_specimen_jars, nicolae_vaults_closet_pinwheel_4,
          ontoclasm_vaults_misaligned, nicolae_vaults_surprise_closet,
          layout_vaults_chaotic_city, uniq_saint_roka
Vaults:2: vaults_dpeg_doors, ontoclasm_vaults_misaligned,
          dpeg_vaults_monster_box, v_misc_23, hangedman_vaults_trim,
          hangedman_vaults_corner_blocks, nicolae_vaults_wine_cellar,
          vaults_room_corners, nicolae_vaults_mitosis, layout_vaults_omnigrid
Vaults:3: nicolae_vaults_network_periphery, v_rooms_1,
          nicolae_vaults_network_barrier, v_alt_pattern_3,
          vaults_room_mumra_shop_pool, v_misc_4,
          minmay_crypt_entry_simple_plaza, v_misc_2, vaults_room_door_hall,
          serial_ice_m, ontoclasm_vaults_loading_screen,
          nicolae_vaults_angled_halls, layout_vaults_ring, serial_shops, shop,
          uniq_frederick
Vaults:4: nicolae_vaults_asterisk, nicolae_vaults_spaceships, v_misc_29,
          nicolae_vaults_shrinking_rooms_2, vaults_mumra_minichess_inversion,
          nicolae_vaults_puzzle_piece, v_misc_31, ontoclasm_vaults_fault,
          vaults_room_hallway, ontoclasm_vaults_ring_square,
          nicolae_vaults_house_1, layout_vaults_big_cross, serial_shops, shop
Vaults:5: serial_shops
Depths:1: minmay_four_inscribed_fans, layout_honeycomb, grunt_decor_arrowhead,
          pan_entry, grunt_metal_band, grunt_qazlal_sundering,
          serial_bayou_shore_b, uniq_enchantress
Depths:2: minmay_the_grid_3x2 [minmay_the_grid_medium_cups,
          minmay_the_grid_minigrid_small, minmay_the_grid_fan,
          minmay_the_grid_pillar_ring, minmay_the_grid_gridbox,
          minmay_the_grid_prize_four_corners_diamond_a], layout_basic,
          interstate_on_off, ebering_ghost_inner_flame, pf_hell_entry_tar_river,
          grunt_pan_entry_sceptre
Depths:3: minmay_distorted_concentric_squares, layout_cave_pools,
          enter_ziggurat_c, corexii_hall_statues_i, hell_entry,
          gammafunk_ghost_cemetery, marbit_kobold_abyss_entry,
          minmay_shop_grove, uniq_mara
Depths:4: grunt_crosshair, layout_honeycomb, hangedman_coc_ice_floe,
          minmay_misc_feat_square, serial_shops, bzr_entry_dummy,
          nzn_hepliaklqana_mist_gate
Zot:1:    layout_concentric_octagons, grunt_ministairs_13
Zot:2:    layout_basic, uniq_parghit
Zot:3:    layout_onion_interference, grunt_ministairs_11, bh_zot_ikea_curve
Zot:4:    layout_cellular_growth, hangedman_zot_gyre, lemuel_elevator,
          grunt_megastairs_2
Zot:5:    layout_cellular_growth, lemuel_flame_loot_1

Skill      XL: |  1  2  3  4  5  6  7  8  9 10 11 12 13 14 15 16 17 18 19 20 21 22 23 24 25 26 27 |
---------------+----------------------------------------------------------------------------------+-----
Fighting       | 3 4 5 10 11 12 13 14 16 17 18 19 20 21 22 24 26 27 | 27.0
Ranged Weapons | 5 6 7 9 11 12 13 15 16 18 19 20 21 22 24 25 27 | 27.0
Armour         | 1 2 6 7 8 10 12 13 | 13.5
Dodging        | 3 8 9 10 11 12 13 14 15 16 18 20 21 22 23 25 26 27 | 27.0
Evocations     | 1 2 4 5 7 8 9 10 11 13 14 15 16 17 18 | 18.5
Translocations | 3 5 6 7 |  7.0
Spellcasting   | 2 3 5 6 7 |  7.8
Hexes          | 1 2 4 5 |  5.8
Invocations    | 4 6 8 11 | 11.7
Stealth        | 3 |  3.4
Short Blades   | |  0.1
Long Blades    | |  0.4
Axes           | |  0.4
Maces & Flails | |  0.9
Polearms       | |  0.2
Staves         | |  0.2
Throwing       | |  0.1
Shields        | |  0.2
Unarmed Combat | |  0.2
Transmutations | |  0.1
Earth Magic    | |  0.1

Action                     |  1- 3 |  4- 6 |  7- 9 | 10-12 | 13-15 | 16-18 | 19-21 | 22-24 | 25-27 || total
---------------------------+-------+-------+-------+-------+-------+-------+-------+-------+-------++-------
   Fire: Shortbow          |   128 |   132 |   255 |    17 |       |       |       |       |       ||   532
         Arbalest          |       |       |       |    74 |       |       |       |       |       ||    74
         Longbow           |       |       |       |   428 |  1727 |  1106 |  1039 |  1219 |  1082 ||  6601
   Cast: Portal Projectile |       |       |       |       |       |     1 |     1 |       |    11 ||    13
 Invoke: Ancestor Identity |       |       |     1 |       |       |       |       |       |       ||     1
         Recall Ancestor   |       |       |       |     1 |     1 |     4 |     1 |    10 |    16 ||    33
         Ancestor Life: Kn |       |       |       |     1 |       |       |       |       |       ||     1
Ability: Evoke Invisibilit |       |       |       |       |     1 |     5 |     1 |       |       ||     7
  Evoke: Wand              |       |       |     4 |       |     4 |       |       |       |     3 ||    11
         Tin of tremorston |       |       |       |       |       |     1 |       |     1 |       ||     2
    Use: Scroll            |       |       |    11 |     7 |    16 |    15 |     6 |     7 |     5 ||    67
         Potion            |       |       |     1 |     2 |     4 |     1 |       |     5 |    44 ||    57
 Armour: Ring mail         |    19 |    14 |     6 |       |       |       |       |       |       ||    39
         Troll leather arm |       |       |    13 |    38 |   137 |     8 |       |       |       ||   196
         Robe              |       |       |       |       |       |    56 |    47 |    68 |    74 ||   245
  Dodge: Dodged            |    34 |    58 |   148 |   164 |   493 |   462 |   333 |   702 |   921 ||  3315
  Block: Reflection        |       |       |       |       |       |     1 |       |       |       ||     1
